 Seeded DCSS version 0.29-a0-664-gff9cad4a3d (webtiles) character file.

Game seed: 12781424815227474791 (custom seed)

110 zeratav the Skirmisher (level 4, -2/48 HPs)
             Began as an Ogre Venom Mage on June 22, 2022.
             Slain by Grinder (14 damage)
             ... on level 3 of the Dungeon.
             The game lasted 00:02:45 (2529 turns).

zeratav the Skirmisher (Ogre Venom Mage)            Turns: 2529, Time: 00:02:46

Health: -2/48      AC:  3    Str: 14    XL:     4   Next: 91%
Magic:  6/7        EV:  9    Int: 16    God:
Gold:   123        SH:  0    Dex:  9    Spells: 6/7 levels left

rFire   . . .      SeeInvis .   g - +2 short sword (venom) {short}
rCold   . . .      Faith    .   (no shield)
rNeg    . . .      Spirit   .   a - +0 robe
rPois   .          Reflect  .   (helmet restricted)
rElec   .          Harm     .   (no cloak)
rCorr   .          Rampage  .   (gloves unavailable)
Will    .....                   (boots unavailable)
Stlth   +.........              (no amulet)
HPRegen 0.16/turn               (no ring)
MPRegen 0.10/turn               (no ring)

@: no status effects
A: large, unfitting armour, tough skin 1
a: no special abilities


You were on level 3 of the Dungeon.
You visited 1 branch of the dungeon, and saw 3 of its levels.

You collected 123 gold pieces.


Innate Abilities, Weirdness & Mutations

You are too large for most types of armour.
You have tough skin. (AC +1)


   Skills:
 + Level 4.0 Fighting
 - Level 1.7 Dodging
 - Level 1.4 Stealth
 - Level 2.4 Spellcasting
 - Level 0.8 Transmutations
 + Level 4.0 Poison Magic


You had 6 spell levels left.
You knew the following spells:

 Your Spells              Type           Power      Damage    Failure   Level
a - Sting                 Tmut/Pois      36%        1d4       8%          1

Your spell library contained the following spells:

 Spells                   Type           Power      Damage    Failure   Level
 Poisonous Vapours        Pois/Air       16%        N/A       13%         2
 Summon Small Mammal      Summ           4%         N/A       21%         1
 Mephitic Cloud           Conj/Pois/Air  6%         N/A       34%         3
 Olgreb's Toxic Radiance  Pois           14%        N/A       36%         4
 Call Canine Familiar     Summ           1%         N/A       52%         3
 Summon Guardian Golem    Hex/Summ       1%         N/A       52%         3

Inventory:

Hand Weapons
 g - a +2 short sword of venom (weapon) {short}
   (You took it off a kobold on level 1 of the Dungeon)
Armour
 a - a +0 robe (worn)
Jewellery
 k - an amulet of faith {!P}
   (You found it on level 3 of the Dungeon)
 l - a ring of fire
   (You found it on level 3 of the Dungeon)
Scrolls
 c - 3 scrolls of identify {unknown}
 h - a scroll of teleportation {unknown}
 i - a scroll of brand weapon {unknown}
Potions
 b - a potion of magic
 d - 3 potions of curing {unknown}
 e - 2 potions of lignification {unknown}
 f - a potion of might
 j - a potion of attraction {unknown}
 m - a potion of degeneration {unknown}

Dungeon Overview and Level Annotations

Branches:
Dungeon (3/15) Zot: 15457

Altars:
Zin

Annotations:
D:3 1 runed translucent door, 2 exclusions, Grinder

#..(.......
#.(.......
#.####...# ###.#
#..## .. #.#.#
#..#########.#
#..####...##......#
##>.._.....(......#
#.............###.#
#.#.##########@#
###... .......5#
##############


You could see Grinder (strong, poisoned).


Message History

You take 2 damage, and now have 43/48 hp.
You closely miss the adder.
You kill the adder!
No target in view!
No target in view!
No target in view!
No target in view!
No target in view!
No target in view!
No target in view!
No target in view!
No target in view!
No target in view!
No target in view!
No target in view!
l - a ring of fire HP[+5]
Your hp is fully restored (48).
You see here an adder corpse.
You now have 123 gold pieces (gained 7).
You see here an adder corpse.
Things that are here:
a +0 club {mace}; a goblin corpse You see here 3 poisoned darts {throwing}.
You see here 3 poisoned darts {throwing}.
Found a stone staircase leading down.
e - 2 glowing green potions (gained 1)
Found a glowing silver altar of Zin.
There is a stone staircase leading down here.
m - a metallic puce potion An endoplasm comes into view.
The endoplasm quivers.
You hit the endoplasm. The endoplasm freezes you.
You are frozen.
HP[-3]
You take 3 damage, and now have 45/48 hp.
You puncture the endoplasm!
You kill the endoplasm!
Your Fighting skill increases to level 4!
Your Poison Magic skill increases to level 4!
Unknown command.
HP[+1]
You see here 5 stones {throwing}.
Grinder comes into view.
HP[+2]
Your hp is fully restored (48).
Grinder gestures at you. You resist with significant effort.
You closely miss Grinder. Grinder gestures at you.
You resist with significant effort.
You hit Grinder. Grinder hits you.
HP[-6]
You take 6 damage, and now have 42/48 hp.
You hit Grinder but do no damage. Grinder gestures at you.
You suddenly lose the ability to move!
Grinder hits you.
You writhe in agony.
Grinder gestures at you.
You barely resist.
You can move again.
HP[-7]
You take 7 damage, and now have 35/48 hp.
You barely miss Grinder.
Grinder drinks a potion.
Grinder seems to grow stronger.
You barely miss Grinder. Grinder hits you.
You writhe in agony.
HP[-7]
You take 7 damage, and now have 28/48 hp.
You hit Grinder. Grinder gestures at you. You resist with significant effort.
Grinder hits you!
* * * LOW HITPOINT WARNING * * *
You writhe in agony.
* * * LOW HITPOINT WARNING * * *
HP[-13]
You take 13 damage, and now have 15/48 hp.
MASSIVE DAMAGE!! (PAUSE) Unknown command.
You hit Grinder. Grinder gestures at you. You resist with significant effort.
HP[+1]
You closely miss Grinder. You punch Grinder, but do no damage.
Grinder hits you.
* * * LOW HITPOINT WARNING * * *
You writhe in agony.
* * * LOW HITPOINT WARNING * * *
HP[-4]
You take 4 damage, and now have 12/48 hp.
Casting: Sting (safe; 8% risk of failure)
Confirm with . or Enter, or press ? or * to list all spells.
Aiming: Sting (safe; 8% risk of failure)
Press: ? - help, Shift-Dir - straight line, f - Grinder
Aim: Grinder (lightly wounded, strong, 64% to hit)
The sting hits Grinder.
Grinder is poisoned.
Grinder says, "Tell me all your secrets, or I'll kill you."
Grinder hits you!
You die...

Skill      XL: |  1  2  3  4 |
---------------+-------------+-----
Fighting       | 1 3 4 |  4.0
Poison Magic   | 3 4 |  4.0
Dodging        | |  1.7
Stealth        | |  1.4
Spellcasting   | |  2.4
Transmutations | |  0.8

Action                   |  1- 3 |  4- 6 || total
-------------------------+-------+-------++-------
Melee: Short sword       |    12 |    61 ||    73
       Punch             |       |     1 ||     1
 Cast: Sting             |    11 |     1 ||    12
 Stab: Sleeping          |       |     1 ||     1
Armor: Robe              |     6 |    29 ||    35
Dodge: Dodged            |    10 |    34 ||    44

Levels and vault maps discovered:
D:1:      zaba_arrival_water, layout_loops_ring, ebering_ecumenical_altar_webs,
          item_on_display_a
D:2:      layout_basic, interstate_on_off, hangedman_abyss_or_decor_lesser_grid,
          minmay_domino_2
D:3:      layout_loops_ring, mainiacjoe_overflow_alcove_1,
          overflow_temple_1_default, lemuel_doored_altar, gammafunk_ghost_split,
          minmay_checkerbox, uniq_sigmund, uniq_grinder

Notes
Turn   | Place    | Note
-------+----------+-------------------------------------------
     0 | D:1      | zeratav the Ogre Venom Mage began the quest for the Orb.
     0 | D:1      | Reached XP level 1. HP: 16/16 MP: 3/3
     0 | D:1      | magus.rc [v1.9.6]
   341 | D:1      | Found a faded altar of an unknown god.
   349 | D:1      | Reached skill level 1 in Fighting
   547 | D:1      | Reached XP level 2. HP: 11/27 MP: 0/5
   551 | D:1      | HP: 6/27 [poisoned by a kobold]
  1040 | D:1      | Reached skill level 3 in Poison Magic
  1073 | D:2      | Noticed a scorpion
  1079 | D:2      | Killed a scorpion
  1080 | D:2      | Reached skill level 3 in Fighting
  1080 | D:2      | Reached XP level 3. HP: 28/37 MP: 6/6
  1080 | D:2      | Reached XP level 4. HP: 34/45 MP: 7/7
  1674 | D:2      | You pick up a book of Callings and begin reading...
  1674 | D:2      | You add the spells Summon Small Mammal, Call Canine
                  | Familiar and Summon Guardian Golem to your library.
  2466 | D:3      | Found a runed translucent gate.
  2481 | D:3      | Found a glowing silver altar of Zin.
  2496 | D:3      | Reached skill level 4 in Fighting
  2496 | D:3      | Reached skill level 4 in Poison Magic
  2511 | D:3      | Noticed Grinder
  2521 | D:3      | Paralysed by Grinder for 3 turns
  2528 | D:3      | HP: 12/48 [Grinder (1)]
  2529 | D:3      | Slain by Grinder

Vanquished Creatures
  A scorpion (D:2)
  3 adders
  A dart slug (D:2)
  An endoplasm (D:3)
  3 giant cockroaches
  A hobgoblin (D:1)
  2 jackals (D:2)
  2 ball pythons (D:2)
  2 bats (D:2)
  A frilled lizard (D:2)
  4 goblins
  4 kobolds
  3 rats
28 creatures vanquished.

Table legend:
 A = Non-vault XP
 B = Vault XP
 C = Vault XP percentage of total XP
 D = Non-vault monster count
 E = Vault monster count
 F = Vault count percentage of total count
                 A         B        C        D         E       F
            +---------+---------+-------+---------+---------+-------
      Total |     157 |       1 |   0.6 |      27 |       1 |   3.6
            +---------+---------+-------+---------+---------+-------
        D:1 |      11 |       0 |   0.0 |       7 |       0 |   0.0
        D:2 |     114 |       1 |   0.9 |      14 |       1 |   6.7
        D:3 |      32 |       0 |   0.0 |       6 |       0 |   0.0
            +---------+---------+-------+---------+---------+-------

Illustrated notes

Table legend:
 A = Kills in this place as a percentage of kills in entire the game.
 B = Kills by you in this place as a percentage of kills by you in the entire game.
 C = Kills by friends in this place as a percentage of kills by friends in the entire game.
 D = Other kills in this place as a percentage of other kills in the entire game.
 E = Experience gained in this place as a percentage of experience gained in the entire game.
 F = Experience gained in this place divided by the number of levels of this place that you have seen.
                   A       B       C       D       E      F
               +-------+-------+-------+-------+-------+----------------------
         Total | 100.0 | 100.0 |   N/A |   N/A | 100.0 |  52.7
       Dungeon | 100.0 | 100.0 |   N/A |   N/A | 100.0 |  52.7
               +-------+-------+-------+-------+-------+----------------------

Table legend: (Time is in decaauts)
 A = Elapsed time spent in this place.
 B = Non-inter-level travel time spent in this place.
 C = Inter-level travel time spent in this place.
 D = Time resting spent in this place.
 E = Time spent auto-exploring this place.
 F = Levels seen in this place.
 G = Mean time per level.
                   A        B        C        D        E       F      G
               +--------+--------+--------+--------+--------+-----+--------+
         Total |   2541 |   2460 |     81 |    511 |   1674 |   3 |  847.0 |
       Dungeon |   2541 |   2460 |     81 |    511 |   1674 |   3 |  847.0 |
               +--------+--------+--------+--------+--------+-----+--------+

Top non-repeatable levels by time:
     D:2: 1136 daAuts
     D:1: 1079 daAuts
     D:3: 325 daAuts
